 Dungeon Crawl Stone Soup version 0.19-a0-860-g5c370dd (webtiles) character file.

303 rageheart7 the Twirler (level 6, -2/51 HPs)
             Began as a Draconian Gladiator on July 3, 2016.
             Slain by an orc priest (4 damage)
             ... on level 5 of the Dungeon.
             The game lasted 00:05:45 (3074 turns).

rageheart7 the Twirler (Draconian Gladiator)        Turns: 3074, Time: 00:05:47

Health: -2/51      AC:  6    Str: 24    XL:     6   Next: 15%
Magic:  6/6        EV: 13    Int: 14    God:
Gold:   237        SH:  0    Dex: 14    Spells: 0 memorised, 5 levels left

rFire  . . .     SeeInvis .     a - +1 quarterstaff
rCold  . . .     Gourm    +     (armour unavailable)
rNeg   . . .     Faith    .     (shield currently unavailable)
rPois  .         Spirit   .     b - +0 hat
rElec  .         Dismiss  .     (no cloak)
rCorr  .         Reflect  .     (no gloves)
SustAt .         Harm     .     (no boots)
MR     .....                    o - amulet of the gourmand
Stlth  +.........               p - +3 ring of dexterity
                                l - +5 ring of intelligence

@: mighty, flying, not resistant to hostile enchantments, very unstealthy
A: unfitting armour, cold-blooded, AC +6
a: no special abilities


You were on level 5 of the Dungeon.
You were not hungry.

You visited 1 branch of the dungeon, and saw 5 of its levels.

You collected 237 gold pieces.

Inventory:

Hand Weapons
 a - a +1 quarterstaff (weapon)
Missiles
 c - 3 throwing nets (quivered)
Armour
 b - a +0 hat (worn)
Jewellery
 l - a +5 ring of intelligence (left hand)
 o - an amulet of the gourmand (around neck)
 p - a +3 ring of dexterity (right hand)
Wands
 s - a wand of polymorph (11/24)
Scrolls
 e - 2 scrolls of remove curse
 h - 3 scrolls of magic mapping
 u - a scroll of fear
Potions
 k - a potion of cancellation
 q - a potion of might
 t - a potion of flight
Books
 i - a book of Clouds

   Spells                             Type                      Level
   a - Mephitic Cloud                 Conjuration/Poison/Air       3
   b - Conjure Flame                  Conjuration/Fire             3
   c - Poisonous Cloud                Conjuration/Poison/Air       6
   d - Freezing Cloud                 Conjuration/Ice/Air          6
   e - Ring of Flames                 Charms/Fire                  7
 m - a book of Fire

   Spells                             Type                      Level
   a - Ignite Poison                  Fire/Transmutation/Poison    3
   b - Fireball                       Conjuration/Fire             5
   c - Bolt of Fire                   Conjuration/Fire             6
   d - Delayed Fireball               Conjuration/Fire             7
   e - Ring of Flames                 Charms/Fire                  7
Comestibles
 d - 5 bread rations
 f - 3 fruits
 n - a meat ration


   Skills:
 + Level 3.5 Fighting
 * Level 6.4 Staves
 - Level 1.7 Throwing
 - Level 2.6 Dodging


You had 5 spell levels left.
You didn't know any spells.

Dungeon Overview and Level Annotations

Branches:
Dungeon (5/15)
 Temple: D:4-7

Altars:
Ashenzari
Hepliaklqana
Sif Muna
Trog


Innate Abilities, Weirdness & Mutations

Your plain brown scales are hard. (AC +6)
Your body does not fit into most forms of armour.
You are cold-blooded and may be slowed by cold attacks.


Message History

Pain shoots through your body!
* * * LOW HITPOINT WARNING * * *
The orc barely misses you.
You feel sick.
Things that are here:
2 chunks of flesh; an adder skeleton You feel sick.
You are no longer poisoned.
You bludgeon the orc!!
You kill the orc!
You hit the orc. You tail-slap the orc.
The orc is heavily wounded.
The orc hits you with a mace of protection.
* * * LOW HITPOINT WARNING * * *
You sock the orc!
You kill the orc!
You hit the orc priest.
The orc priest is heavily wounded.
The orc priest hits you.
You die...

##...#.....#
##.<..)####.#
#......?#
##..%..##
#.#...##
..##..## ###
#o## #o# #@#
#.# #.# #.#
#.. #.. #.#
#.#


You could see an orc priest and an orc.

Vanquished Creatures
  An ogre (D:4)
  A giant frog skeleton (D:4)
  2 worker ants
  8 adders
  A shadow imp (D:4)
  2 dart slugs
  A worm (D:4)
  2 giant geckos
  4 orcs
  A giant cockroach (D:2)
  8 goblins
  4 hobgoblins
  2 jackals (D:1)
  A quokka (D:4)
  5 bats (D:2)
  3 giant newts
  5 kobolds
  10 rats
61 creatures vanquished.

Notes
Turn   | Place    | Note
-------+----------+-------------------------------------------
     0 | D:1      | rageheart7 the Draconian Gladiator began the quest for the Orb.
     0 | D:1      | Reached XP level 1. HP: 17/17 MP: 1/1
   330 | D:1      | Reached XP level 2. HP: 16/24 MP: 2/2
  1237 | D:2      | Reached skill level 4 in Staves
  1237 | D:2      | Reached XP level 3. HP: 25/30 MP: 3/3
  1320 | D:2      | Found a deep blue altar of Sif Muna.
  1419 | D:2      | Found a shattered altar of Ashenzari.
  1784 | D:3      | Found a hazy altar of Hepliaklqana.
  1895 | D:3      | Reached XP level 4. HP: 37/37 MP: 4/4
  1918 | D:3      | Reached skill level 5 in Staves
  2389 | D:4      | Found a bloodstained altar of Trog.
  2639 | D:4      | Reached XP level 5. HP: 44/44 MP: 5/5
  2862 | D:4      | Noticed an ogre
  2874 | D:4      | Killed an ogre
  2874 | D:4      | Reached skill level 6 in Staves
  2874 | D:4      | Reached XP level 6. HP: 22/51 MP: 6/6
  3040 | D:5      | Entered Level 5 of the Dungeon
  3072 | D:5      | HP: 1/51 [orc/mace of protection (5)]
  3074 | D:5      | Slain by an orc priest

Vault maps used:
D:1:      dpeg_arrival_stonehenge_8_columns
D:2:      marbit_many_paths, overflow_temple_1_default, first_bread
D:3:      lemuel_crystal_altar
D:4:      bloody_trog
D:5:      serial_shops, kennysheep_mini_moat, hangedman_abyss_or_decor_slice,
          grunt_ministairs_7, uniq_eustachio

Skill      XL: |  1  2  3  4  5 |
---------------+----------------+-----
Staves         | 4 5 6 |  6.4
Fighting       | 3 |  3.5
Throwing       | |  1.7
Dodging        | |  2.6

Action                   |  1- 3 |  4- 6 || total
-------------------------+-------+-------++-------
Melee: Quarterstaff      |   102 |    76 ||   178
       Tailslap          |     9 |    10 ||    19
  Use: Scroll            |     8 |     2 ||    10
       Potion            |       |     4 ||     4
 Stab: Sleeping          |     1 |       ||     1
  Eat: Chunk             |     3 |     9 ||    12
Armor: Skin              |    31 |    10 ||    41
Dodge: Dodged            |    61 |    54 ||   115
